 Dungeon Sprint DCSS version 0.23-a0-239-g84a5ed292d (webtiles) character file.

7 ICC the Insei (level 2, 0/21 HPs)
             Began as a Vine Stalker Transmuter on Sept 26, 2018.
             Succumbed to a scorpion's poison
             ... in the Dungeon (Sprint IX: "|||||||||||||||||||||||||||||").
             The game lasted 00:00:55 (34 turns).

ICC the Insei (Vine Stalker Transmuter)               Turns: 34, Time: 00:00:55

Health: 0/21       AC:  2    Str: 17    XL:     2   Next: 0%
Magic:  2/6        EV: 12    Int: 13    God:
Gold:   0          SH:  0    Dex: 14    Spells: 4/5 levels left

rFire    . . .     SeeInvis .     - Unarmed
rCold    . . .     Gourm    .   (no shield)
rNeg     . . .     Faith    .   b - +0 robe
rPois    .         Spirit   +   (no helmet)
rElec    .         Reflect  .   (no cloak)
rCorr    .         Harm     .   (no gloves)
MR       .....     NoTele   +   (no boots)
Stlth    ..........             (no amulet)
HPRegen  0.07/turn              (no ring)
MPRegen  0.10/turn              (no ring)

@: berserking (expiring), lethally poisoned (0 -> -11), hasted, very quick
A: fangs 2, magic shield, antimagic bite, no potion heal 3, rot immunity
a: no special abilities


You were in the Dungeon.
You were not hungry.

You visited 1 branch

Inventory:

Missiles
 a - 12 arrows
Armour
 b - a +0 robe (worn)
Scrolls
 j - a scroll of blinking
Potions
 e - a potion of curing
 f - a potion of heal wounds
 h - 2 potions of magic
Comestibles
 d - a ration


   Skills:
 - Level 0.8 Fighting
 - Level 1.5 Dodging
 + Level 4.8 Unarmed Combat
 - Level 2.1 Spellcasting
 - Level 2.0 Transmutations


You had 4 spell levels left.
You knew the following spells:

 Your Spells              Type           Power        Failure   Level  Hunger
a - Beastly Appendage     Tmut           #.....       11%         1    ##.....

Your spell library contained the following spells:

 Spells                   Type           Power        Failure   Level  Hunger
 Sticks to Snakes         Tmut           #.......     17%         2    ###....
 Spider Form              Tmut/Pois      #.........   45%         3    ####...
 Ice Form                 Ice/Tmut       #.......     86%         4    #####..
 Blade Hands              Tmut           #.........   97%         5    ######.


Dungeon Overview and Level Annotations

Branches:
Dungeon (1/1)

Altars:


Innate Abilities, Weirdness & Mutations

You have extremely sharp teeth.
When hurt, damage is shared between your health and your magic reserves.
Your bite disrupts and absorbs the magic of your enemies.
Potions cannot restore your health.
You are immune to rotting.


Message History

You hit the scorpion. You bite the scorpion! You drain its power.
You feel invigorated.
The scorpion is severely wounded.
The scorpion stings you!
* * * LOW HITPOINT WARNING * * *
You are lethally poisoned!
The scorpion poisons you!
You barely miss the scorpion.
The scorpion is severely wounded.
* * * LOW HITPOINT WARNING * * *
You feel sick.
You closely miss the scorpion.
The scorpion is severely wounded.
* * * LOW HITPOINT WARNING * * *
You feel sick. The scorpion stings you.
You closely miss the scorpion.
The scorpion is severely wounded.
You barely miss the scorpion.
The scorpion is severely wounded.
You die...

▓+▓
▓S▓
▓a▓
▓Z▓
▓s▓
▓@▓
▓'▓
▓.▓
▓.▓
▓.▓
▓)▓
▓)▓
▓'▓
▓.▓


You could see a scorpion, a worker ant, an adder and a bat skeleton.

Vanquished Creatures
  An orc (D)
  A goblin (D)
  2 kobolds (D)
  2 rats (D)
6 creatures vanquished.

Notes
Turn   | Place    | Note
-------+----------+-------------------------------------------
     0 | D        | ICC the Vine Stalker Transmuter began the quest for the
                  | Orb.
     0 | D        | Reached XP level 1. HP: 9/9 MP: 4/4
    15 | D        | Reached skill level 4 in Unarmed Combat
    24 | D        | Noticed a worker ant
    24 | D        | Noticed a scorpion
    28 | D        | Reached XP level 2. HP: 12/14 MP: 4/6
    32 | D        | HP: 1/21 [poisoned by a scorpion]
    34 | D        | Succumbed to a scorpion's poison

Vault maps used:
D:        linesprint

Skill      XL: |  1 |
---------------+----+-----
Unarmed Combat | 4 |  4.8
Fighting       | |  0.8
Dodging        | |  1.5
Spellcasting   | |  2.1
Transmutations | |  2.0

Action                   || total
-------------------------++-------
Melee: Unarmed           ||    20
       Bite              ||     3
  Use: Potion            ||     2
Dodge: Dodged            ||     5

Table legend:
 A = Non-vault XP
 B = Vault XP
 C = Vault XP percentage of total XP
 D = Non-vault monster count
 E = Vault monster count
 F = Vault count percentage of total count
                 A         B        C        D         E       F
            +---------+---------+-------+---------+---------+-------
      Total |       0 |      10 | 100.0 |       0 |       6 | 100.0
            +---------+---------+-------+---------+---------+-------
          D |       0 |      10 | 100.0 |       0 |       6 | 100.0
            +---------+---------+-------+---------+---------+-------
